 Dungeon Crawl Stone Soup version 0.32-a0-711-g016ad743e0 (webtiles) character file.

Game seed: 4874776885673959192

67 cforsyth the Firebug (level 3, 0/33 HPs)
             Began as a Mountain Dwarf Cinder Acolyte on Mar 16, 2024.
             Was a High Priest of Ignis.
             Slain by Pikel
             ... wielding a +1 whip of freezing
              (10 damage)
             ... in the Ecumenical Temple.
             The game lasted 00:02:37 (1712 turns).

cforsyth the Firebug (MDCA)                         Turns: 1712, Time: 00:02:37

Health: 0/33       AC:  2    Str: 16    XL:     3   Next: 98%
Magic:  5/5        EV: 10    Int: 16    God:    Ignis [*****.]
Gold:   100        SH:  5    Dex:  5    Spells: 3/5 levels left

rFire   + . .        j - +7 dagger of Death {freeze, rN+ rCorr}
rCold   . . .        (no shield)
rNeg    + . .        b - +0 robe
rPois   .            (no helmet)
rElec   .            (no cloak)
rCorr   +            (no gloves)
SInv    .            (no boots)
Will    .....        e - amulet of reflection
Stlth   +            (no ring)
HPRegen 0.25/turn    (no ring)
MPRegen 0.09/turn

%: reflection
@: invisible
A: runic magic, artefact enchanting
a: Renounce Religion, Fiery Armour, Foxfire Swarm, Rising Flame


You were in the Ecumenical Temple.
You worshipped Ignis.
Ignis was extremely pleased with you.
You visited 2 branches of the dungeon, and saw 4 of its levels.

You collected 100 gold pieces.


Innate Abilities, Weirdness & Mutations

Your spellcasting is much less encumbered by armour.
You can use scrolls of enchantment on lesser artefacts.


   Skills:
 + Level 3.8 Fighting
 - Level 4.0 Axes
 + Level 1.6 Armour
 + Level 1.6 Spellcasting
 + Level 4.2 Fire Magic


You had 3 spell levels left.
You knew the following spells:

 Your Spells              Type           Power      Damage    Failure   Level
X - Scorch                Fire           28%        2d6       6%          2

Your spell library contained the following spells:

 Spells                   Type           Power      Damage    Failure   Level
 Fugue of the Fallen      Necr           1%         N/A       54%         3
 Ozocubu's Armour         Ice            1%         N/A       54%         3
 Manifold Assault         Tloc           1%         N/A       91%         4

Inventory:

Hand Weapons
 a - a -1 hand axe of flaming
 j - the +7 dagger of Death (weapon) {freeze, rN+ rCorr}
   (You found it on level 2 of the Dungeon)

   rN+:       It protects you from negative energy.
   rCorr:     It protects you from acid and corrosion.
Armour
 b - a +0 robe (worn)
Magical Staves
 g - a staff of alchemy {!a}
Jewellery
 e - an amulet of reflection (around neck)
Scrolls
 h - a scroll of vulnerability {unknown}
 i - a scroll of fog {unknown}

Dungeon Overview and Level Annotations

Branches:
Dungeon (4/15)             Temple (1/1) D:4

Altars:
Cheibriados
Elyvilon
Gozag
Makhleb
Nemelex Xobeh
Okawaru
Qazlal
Sif Muna
Trog
Uskayaw
Vehumet
Xom
Yredelemnul
The Shining One

Annotations:
Temple Pikel

♣♣♣♣♣♣♣ ♣♣♣.....♣♣♣
♣♣♣♣.........♣♣♣♣
♣♣♣...............♣♣♣
♣♣..♣♣.....@.....♣♣..♣♣
♣♣♣♣♣♣.♣♣♣♣......K....♣♣♣♣.♣♣♣♣♣♣
♣.....♣♣♣ ♣♣.........♣♣ ♣♣♣.....♣
..⚑.....♣♣ ♣♣♣.....♣♣♣ ♣♣.....⚑..
.........♣ ♣♣♣♣♣♣♣ ♣.........
...⌠..⚑..♣ ♣..⚑..⌠... .........♣
♣......... .⚑......♣♣ ♣♣......⚑.
......♣♣♣ ♣♣♣......


You could see Pikel (unable to see you).


Message History

Okay, then.
Unknown command.
Pikel waves his whip at you.
Things that are here:
a +0 club; a gnoll skeleton
There is a staircase to the Ecumenical Temple here.
As you read the scroll labelled MOEGHE UMPO, it crumbles to dust.
It is a scroll of identify.
f - a potion of invisibility
Okay, then.
It was a potion of curing.
You feel better.
You fade into invisibility!
Pikel hits you with a +1 whip of freezing!
Pikel freezes you.
You can't go up here!
Pikel hits you with a +1 whip of freezing!
* * * LOW HITPOINT WARNING * * *
Pikel freezes you.
* * * LOW HITPOINT WARNING * * *
You climb downwards.
Welcome back to the Ecumenical Temple!
There is a staircase back to the Dungeon here.
You hit Pikel. You freeze Pikel.
Pikel is lightly wounded.
Pikel barely misses you.
You barely miss Pikel.
Pikel is lightly wounded.
Pikel hits you with a +1 whip of freezing!
You die...
Pikel says, "Another soul for the market."
Ignis goes out, and joins you in death.

Skill      XL: |  1  2 |
---------------+-------+-----
Armour         | 1 |  1.6
Fire Magic     | 4 |  4.2
Axes           | 4 |  4.0
Fighting       | |  3.8
Spellcasting   | |  1.6

Action                     || total
---------------------------++-------
  Melee: Hand axe          ||    55
         Dagger            ||    15
   Cast: Scorch            ||    14
    Use: Potion            ||     2
         Scroll            ||     1
 Armour: Robe              ||    36
  Dodge: Dodged            ||    29
  Block: Other             ||     9

Levels and vault maps discovered:
D:1:      zelgadis_glass_arrival_small, layout_basic, serial_forest,
          infiniplex_forest_lined_room_2, infiniplex_forest_lined_room_,
          infiniplex_forest_clump_tiny, infiniplex_forest_end_1,
          infiniplex_forest_clump_medium, infiniplex_forest_clump_medium,
          minmay_indecisive_spiral
D:2:      layout_basic
D:4:      layout_loops_corners, lemuel_temple_firewalk_a,
          nicolae_shop_clearance, uniq_edmund, uniq_robin, uniq_pikel
Temple:   jpeg_temple_clearing

Notes
Turn   | Place    | Note
-------+----------+-------------------------------------------
     0 | D:1      | cforsyth the Mountain Dwarf Cinder Acolyte began the quest
                  | for the Orb.
     0 | D:1      | Reached XP level 1. HP: 19/19 MP: 2/2
   333 | D:1      | Reached XP level 2. HP: 22/26 MP: 3/3
   403 | D:1      | Learned a level 2 spell: Scorch
   872 | D:1      | Reached skill level 1 in Armour
   920 | D:1      | Reached skill level 4 in Fire Magic
   982 | D:1      | Reached skill level 4 in Axes
   982 | D:1      | Reached XP level 3. HP: 31/31 MP: 0/5
  1314 | D:2      | Identified the +7 dagger of Death {freeze, rN+ rCorr}
  1384 | D:2      | You fall into a shaft and drop 2 floors!
  1399 | D:4      | Found a staircase to the Ecumenical Temple.
  1435 | Temple   | Entered the Ecumenical Temple
  1678 | D:4      | Noticed Pikel
  1678 | D:4      | Noticed a lemure
  1678 | D:4      | Noticed a lemure
  1712 | Temple   | Slain by Pikel

Vanquished Creatures
  3 gnolls (D:4)
  A dart slug (D:1)
  3 ball pythons
  8 endoplasms
  5 goblins (D:1)
  3 hobgoblins
  2 kobolds (D:1)
  3 quokkas (D:1)
  2 frilled lizards (D:1)
  3 rats (D:1)
33 creatures vanquished.

Table legend: (Time is in decaauts)
 A = Elapsed time spent in this place.
 B = Non-inter-level travel time spent in this place.
 C = Inter-level travel time spent in this place.
 D = Time resting spent in this place.
 E = Time spent auto-exploring this place.
 F = Levels seen in this place.
 G = Mean time per level.
                   A        B        C        D        E       F      G
               +--------+--------+--------+--------+--------+-----+--------+
         Total |   1718 |   1685 |     33 |    206 |   1177 |   4 |  429.5 |
       Dungeon |   1612 |   1579 |     33 |    107 |   1177 |   3 |  537.3 |
        Temple |    105 |    105 |      0 |     99 |      0 |   1 |  105.0 |
               +--------+--------+--------+--------+--------+-----+--------+

Top non-repeatable levels by time:
     D:1: 1243 daAuts
     D:4: 223 daAuts
     D:2: 145 daAuts
  Temple: 105 daAuts

Table legend:
 A = Non-vault XP
 B = Vault XP
 C = Vault XP percentage of total XP
 D = Non-vault monster count
 E = Vault monster count
 F = Vault count percentage of total count
                 A         B        C        D         E       F
            +---------+---------+-------+---------+---------+-------
      Total |      89 |       7 |   7.3 |      29 |       4 |  12.1
            +---------+---------+-------+---------+---------+-------
        D:1 |      39 |       7 |  15.2 |      21 |       4 |  16.0
        D:2 |       8 |       0 |   0.0 |       5 |       0 |   0.0
        D:4 |      42 |       0 |   0.0 |       3 |       0 |   0.0
            +---------+---------+-------+---------+---------+-------
